[Event "1st FIDE Olympiad DIS 2023"]
[Site "Belgrade"]
[Date "2023.01.30"]
[Round "1.23"]
[White "Interian Rodriguez, Alberto D."]
[Black "Damjanovic, Radovan"]
[Result "1/2-1/2"]
[ECO "B90"]
[WhiteElo "2082"]
[BlackElo "1807"]
[Annotator "TA"]
[PlyCount "92"]
[EventDate "2023.01.30"]
[EventType "team-tourn"]
[EventCountry "SRB"]
[SourceTitle "playchess.com"]
[Source "ChessBase"]
[SourceQuality "1"]
[WhiteTeam "Cuba"]
[BlackTeam "Montenegro"]
[WhiteTeamCountry "CUB"]
[BlackTeamCountry "MNE"]
[TimeControl "40/5400+30:1800+30"]

1. e4 c5 2. Nf3 d6 3. d4 cxd4 4. Nxd4 Nf6 5. Nc3 a6 6. f3 e5 7. Nb3 Be6 8. Be3 Be7 9. Qd2 d5 10. exd5 {[%emt 0:00:38] B90: Sicilian Najdorf: Unusual White 6th moves, 6 Be3 Ng4 and 6 Be3 e5.} Nxd5 11. Nxd5 Qxd5 12. Qxd5 {[%emt 0:00:12] White is slightly better.} Bxd5 13. O-O-O Bc6 {[%emt 0:01:48] [#]} (13... Be6 $14) 14. Na5 $1 $16 {[%emt 0:02:19] [#]} Bd8 $146 ({Predecessor:} 14... O-O 15. Nxc6 Nxc6 16. Bb6 Bd8 17. Bc5 Bg5+ 18. Kb1 Rfd8 19. Bd3 g6 20. h4 Bf6 {1-0 Sancho Casale,J (1980)-Biarge Carnicer,A (1878) Aragon-chT Honor GrB 2015 (4.28)}) 15. Nxc6 Nxc6 16. Bc4 Rc8 {[%emt 0:06:09] Black is weak on the light squares} 17. Kb1 O-O 18. Rd7 Ba5 19. Rhd1 {[%emt 0:03:38] White has more active pieces.} ({Resist} 19. Rxb7 $6 Nd8 20. Bxa6 Nxb7 21. Bxb7 Rb8 $14) ({Better is} 19. Bb3 $16) 19... Nb8 $14 20. R7d5 Rxc4 21. Rxa5 b5 (21... Rfc8 $14) 22. Ra3 (22. b3 $16 Rc7 23. a4) 22... Rfc8 23. Rad3 {[%emt 0:00:17] White threatens Rd8+ and mate.} f6 24. Rd8+ Kf7 25. Rxc8 Rxc8 $11 {[%emt 0:00:00][%mdl 4096] Endgame KRB-KRN} 26. c3 Ke6 27. Kc2 Nd7 28. b4 Rc6 {[%emt 0:01:05] [#]} 29. a4 $1 bxa4 (29... Nb6 30. Bxb6) 30. Ra1 Nb6 31. Bxb6 Rxb6 32. Rxa4 $14 {[%emt 0:00:01] KR-KR} f5 33. c4 e4 34. fxe4 fxe4 35. Kd2 Ke5 ({Black should try} 35... Rc6 $14) 36. Ke3 $16 Re6 37. Ra5+ Kf6 38. b5 (38. Rd5 $16) 38... axb5 $14 39. cxb5 (39. Rxb5 $14 Rc6 40. Kd4 (40. Kxe4 Rxc4+ 41. Kd3 Ra4 $11)) 39... Re5 $1 $11 {[%emt 0:00:39] The position is equal.} 40. Ra6+ Kf5 41. Ra7 Rxb5 42. Rxg7 {[%emt 0:02:17] Hoping for g4+.} Rb3+ 43. Kf2 h5 44. Rf7+ Kg5 45. Re7 Kf5 46. Rf7+ Kg5 {[%emt 0:00:18] Weighted Error Value: White=0.15 (very precise) /Black=0.15 (very precise)} 1/2-1/2

[Event "1st FIDE Olympiad DIS 2023"]
[Site "Belgrade"]
[Date "2023.01.30"]
[Round "1.24"]
[White "Lacmanovic, Radenko"]
[Black "Batista Rivera, Idalis"]
[Result "0-1"]
[ECO "C02"]
[WhiteElo "1349"]
[BlackElo "1775"]
[Annotator "NA RC COMBH"]
[PlyCount "62"]
[EventDate "2023.01.30"]
[EventType "team-tourn"]
[EventCountry "SRB"]
[SourceTitle "playchess.com"]
[Source "ChessBase"]
[SourceQuality "1"]
[WhiteTeam "Montenegro"]
[BlackTeam "Cuba"]
[WhiteTeamCountry "MNE"]
[BlackTeamCountry "CUB"]
[TimeControl "40/5400+30:1800+30"]

1. e4 e6 2. d4 d5 3. e5 c5 4. c3 Nc6 5. Nf3 Bd7 6. Be3 Qb6 7. b3 cxd4 8. cxd4 Rc8 9. a3 a5 10. Nc3 Nge7 11. Bd3 Ng6 12. O-O Be7 13. g3 Na7 14. Bd2 Nb5 15. Nxb5 Bxb5 16. Bxb5+ Qxb5 17. a4 Qb6 18. Rc1 O-O 19. Rxc8 Rxc8 20. Qb1 Bb4 21. Rc1 Rxc1+ 22. Bxc1 Qc7 23. Bd2 Bxd2 24. Nxd2 Qc3 25. Qe1 Qxd4 26. Nf3 Qd3 27. Nd2 h6 28. f4 Ne7 29. Qc1 Nc6 30. Qb2 Nd4 31. Qc1 Ne2+ 0-1

[Event "1st FIDE Olympiad DIS 2023"]
[Site "Belgrade"]
[Date "2023.01.30"]
[Round "1.26"]
[White "Tonic, Milos"]
[Black "Syed Ejaz Husain"]
[Result "1-0"]
[ECO "D31"]
[WhiteElo "2018"]
[BlackElo "1952"]
[Annotator "TA"]
[PlyCount "79"]
[EventDate "2023.01.30"]
[EventType "team-tourn"]
[EventCountry "SRB"]
[SourceTitle "playchess.com"]
[Source "ChessBase"]
[SourceQuality "1"]
[WhiteTeam "Serbia"]
[BlackTeam "Bangladesh"]
[WhiteTeamCountry "SRB"]
[TimeControl "40/5400+30:1800+30"]

1. c4 e6 2. Nc3 d5 3. cxd5 exd5 4. d4 c6 5. Qc2 g6 6. Nf3 {[%emt 0:01:08] D31: Queen's Gambit Declined: Semi-Slav without ...Nf6 (+ Marshall Gambit and Noteboom) and Exchange Variation lines without ...Nf6.} Bf5 7. Qb3 Qb6 {[%emt 0:01:41] [#]} 8. Bg5 $146 {[%emt 0:21:36] The position is equal.} ({Predecessor:} 8. Bf4 Nd7 9. e3 Ngf6 10. Be2 Be7 11. O-O O-O 12. Rfc1 Rfe8 13. Nh4 Be6 14. Qc2 {½-½ Abraham,J (2039)-Nguyen,J (2163) Noblesville Snow Memorial 2022 (4)}) 8... Qxb3 9. axb3 Bg7 (9... Nd7 $15) 10. e3 $11 Nd7 11. Be2 a6 12. Nd2 Ngf6 13. b4 O-O 14. O-O Rfe8 15. Nb3 $1 Bf8 16. Nc5 Ra7 17. Ra2 Rea8 18. Rfa1 {[%emt 0:01:50][%cal Ob4b5] White is much more active. The black rooks are badly placed.} b6 ({Better is} 18... Ne4 $14 19. Bf4 Be7) 19. Nxa6 ({Don't do} 19. Rxa6 $6 Rxa6 20. Rxa6 Rxa6 21. Nxa6 b5 $16) (19. Nxd7 $1 $18 Nxd7 20. b5 (20. Bxa6 h6 $16) (20. Rxa6 Rxa6 21. Rxa6 Rc8 $18) 20... cxb5 21. Nxb5 (21. Nxd5 Be6 $16)) 19... Ne4 20. Nxe4 dxe4 21. Bf4 Nf6 22. Bc4 Bc8 $2 (22... Rc8 $16 {is tougher.}) 23. Nb8 $2 (23. Nc7 $18 {and the rest is easy.} Rxa2 24. Bxa2) 23... Rxa2 $16 24. Rxa2 Rxa2 25. Bxa2 Bb7 26. Be5 Nd5 {[%emt 0:04:01] [#]} (26... Ng4 $16) 27. Bxd5 $1 $18 cxd5 {[%emt 0:00:16][%mdl 4096] Endgame [#] KBB-KBN} 28. Nd7 (28. b5 $1 $18) 28... Bxb4 $14 29. Nxb6 Kf8 30. Na4 Ke7 31. Bc7 Kd7 32. Bb6 Kc6 33. Bc5 Bd2 34. Nc3 Ba6 35. g3 Bc4 36. Bb4 Bc1 37. Ba3 Bd2 38. Bb4 Bc1 39. Ba3 Bd3 40. Na2 {[%emt 0:00:53] Black escapes into a draw.   Weighted Error Value: White=0.27 (precise) /Black=0.31} 1-0

[Event "1st FIDE Olympiad DIS 2023"]
[Site "Belgrade"]
[Date "2023.01.30"]
[Round "1.27"]
[White "Sarkar, Bappi"]
[Black "Zivic, Dragan"]
[Result "1/2-1/2"]
[ECO "E11"]
[WhiteElo "1778"]
[BlackElo "2186"]
[Annotator "TA"]
[PlyCount "90"]
[EventDate "2023.01.30"]
[EventType "team-tourn"]
[EventCountry "SRB"]
[SourceTitle "playchess.com"]
[Source "ChessBase"]
[SourceQuality "1"]
[WhiteTeam "Bangladesh"]
[BlackTeam "Serbia"]
[WhiteTeamCountry "BAN"]
[BlackTeamCountry "SRB"]
[TimeControl "40/5400+30:1800+30"]

1. d4 Nf6 2. c4 e6 3. Nf3 Bb4+ 4. Bd2 Qe7 5. Qc2 O-O 6. e3 Bxd2+ 7. Nbxd2 d6 8. Bd3 {[%emt 0:02:46] E11: Bogo-Indian.} c5 9. O-O b6 {[%emt 0:03:07] [#]} 10. Ng5 $146 {[%emt 0:08:50] dxc5 would be deadly.} ({Predecessor:} 10. Ne4 Nbd7 11. dxc5 bxc5 12. Rad1 Ne8 13. Neg5 g6 14. Be4 Rb8 15. Bc6 Rb6 16. Bb5 {½-½ Jorgensen,P (2365)-Tanggaard,H (2410) DEN-ch corr Denmark 1996}) 10... h6 11. Nh7 Rd8 {[%emt 0:02:19] aiming for ...Ne8.} 12. Nxf6+ Qxf6 13. dxc5 bxc5 14. Bh7+ (14. Be4 $5 d5 $8 15. Bf3 $11) 14... Kh8 $1 15. Be4 {[%emt 0:04:00] Repels g6} d5 16. cxd5 exd5 17. Bf3 Na6 18. Rac1 (18. e4 $11) 18... Rb8 $17 19. b3 Bf5 ({Better is} 19... Nb4 $1 $15 20. Qb1 (20. Qxc5 Ba6 $17) 20... Ba6) 20. Qc3 d4 21. exd4 cxd4 22. Qc6 Rd6 23. Qc4 Rb4 24. Qe2 Re6 $36 {[%emt 0:01:42][%mdl 2048] Inhibits Qe8+. White is under pressure.} 25. Qd1 Rb8 26. Re1 (26. a3 $11) 26... Nb4 $15 {[%emt 0:18:15] Hoping for ...Rxe1+.} 27. Rxe6 Qxe6 28. a3 (28. Qe2 $11 {keeps the balance.}) 28... Na2 ({Black should try} 28... Nd3 $17 29. Rc7 Re8) 29. Rc6 Qe7 ({Don't play} 29... Nc3 30. Rxe6 Nxd1 31. Re7 $16) 30. b4 ({Not} 30. Nc4 $2 Rxb3 $19) (30. Qe2 $1 $11 Re8 31. Qxe7 Rxe7 32. h3) 30... Nc3 $17 31. Qf1 (31. Qc1 $17) 31... Re8 $1 $19 {[%emt 0:02:13] Strongly threatening ...Qe1.} 32. h3 {[%emt 0:01:26] [#]} Bxh3 (32... Qg5 $1 $19 33. Nc4 (33. Nb3 Qf4) 33... Qf4) 33. Nb3 (33. Rc4 $17) 33... Bd7 34. Rc7 (34. Rc5 {was necessary.} Qf6 35. Qa1) 34... Qd6 35. Rc5 a6 {[%emt 0:01:21] ...Bb5 is the strong threat.} 36. g3 Qf6 37. Kg2 {[%emt 0:00:10] [#]} Bb5 {[%emt 0:00:30] Dodges Qd3} (37... Ne4 $1 $19 38. Bxe4 Rxe4) 38. Qc1 $17 Be2 {[%emt 0:00:44] [#]} (38... Na4 $17 39. Rc6 Qd8) 39. Nxd4 $1 $14 Bxf3+ 40. Nxf3 Ne4 41. Qe3 Re6 (41... Qd6 $14) 42. Rc8+ $16 Kh7 43. Qd3 (43. Nd4 $16 Re7 44. Rc6) 43... g6 $14 44. Qd8 Qxd8 45. Rxd8 Rc6 {[%emt 0:00:00] Black had all chances to win.   Weighted Error Value: White=0.28 (precise) /Black=0.29 (precise)} 1/2-1/2

[Event "1st FIDE Olympiad DIS 2023"]
[Site "Belgrade"]
[Date "2023.01.30"]
[Round "1.28"]
[White "Ilic, Slobodan S"]
[Black "Sarkar, Ali Newaz"]
[Result "1-0"]
[ECO "A29"]
[WhiteElo "2174"]
[BlackElo "1809"]
[Annotator "TA"]
[PlyCount "187"]
[EventDate "2023.01.30"]
[EventType "team-tourn"]
[EventCountry "SRB"]
[SourceTitle "playchess.com"]
[Source "ChessBase"]
[SourceQuality "1"]
[WhiteTeam "Serbia"]
[BlackTeam "Bangladesh"]
[WhiteTeamCountry "BIH"]
[BlackTeamCountry "BAN"]
[TimeControl "40/5400+30:1800+30"]

1. c4 e5 2. Nc3 Nf6 3. Nf3 Nc6 4. g3 a6 5. Bg2 Bc5 6. O-O O-O 7. e3 d6 8. h3 {[%emt 0:05:34] A29: English Opening: Four Knights Variation with 4 g3.} Ba7 9. d4 Bf5 10. a3 {[%emt 0:04:06] The position is equal.} h6 11. b4 e4 12. Nd2 Re8 13. Bb2 {[%emt 0:03:36] [#]} Qd7 $146 ({Predecessor:} 13... h5 14. Nd5 Nxd5 15. cxd5 Ne7 16. Bxe4 Bxe4 17. Nxe4 Ng6 18. Qf3 h4 19. Kh2 Qe7 {1-0 Belous,V (2551)-Esipenko,A (2203) Dvorkovich Memorial op 8th 2013 (7)}) 14. Kh2 (14. g4 $5 Bg6 15. Rc1 $16) 14... Nd8 (14... Bg6 $14) 15. Ne2 (15. g4 $16 Bg6 16. d5) 15... d5 $14 16. cxd5 Nxd5 17. Nc3 (17. g4 $5 Bg6 18. Ng3 $14) 17... Nxc3 18. Bxc3 c6 19. a4 Bh7 (19... Bb6 $11 {keeps the balance.}) 20. Qb3 Qd5 21. Qxd5 cxd5 22. b5 Rc8 23. Rfc1 Bf5 {[%emt 0:01:42] [#]} 24. bxa6 $1 bxa6 25. Bf1 Re6 26. Bb2 (26. g4 $16 Rec6 27. gxf5 Rxc3 28. Nb3 (28. Rxc3 Rxc3 29. Kg2 Rc2 $11)) 26... Rec6 $11 27. Rxc6 Rxc6 28. Rc1 {[%emt 0:00:36] Prevents Rc2.} Rxc1 29. Bxc1 Bc8 30. Nb3 Nc6 31. Ba3 f6 32. Nc5 Bxc5 33. Bxc5 {[%emt 0:00:35][%mdl 4096] Endgame KBB-KBN} Kf7 34. Be2 Na5 35. g4 Nb3 {[%emt 0:00:54] Hoping for ...Nxc5.} 36. Ba3 Nd2 37. Kg3 Nc4 38. Bc5 Bd7 39. Bd1 Nb2 40. Bb3 Bc6 41. a5 Ke6 42. Ba3 {[%emt 0:06:27] A strong pair of Bishops.} Nc4 43. Bb4 f5 44. h4 Kf6 ({Black should try} 44... fxg4 $11 45. h5 Be8) 45. Bc3 {[%emt 0:02:59] Black must now prevent Bxc4.} Nd6 46. Bb4 Nf7 (46... Nc4 $11) 47. Bd1 g6 48. gxf5 Kxf5 49. Be2 Bb7 50. Bg4+ Kf6 51. Bd7 {[%emt 0:00:00] White is more active.} g5 {[%emt 0:00:00] [#]} (51... Nd8 $14) 52. hxg5+ (52. h5 $1 $16) 52... hxg5 $14 53. Be8 Nd8 54. Bd7 (54. Bc5 $14 {might be stronger.}) 54... Bc6 (54... Nf7 $11 {is more appropriate.}) 55. Bc8 Bb7 56. Bd7 Bc6 (56... Nf7 $11 {deserves consideration.}) 57. Bc8 Bb7 58. Bd7 Nf7 59. Be8 Nd8 $1 60. Bd7 (60. Bd6 $14 {was preferrable.}) 60... Bc6 (60... Nf7 $11) 61. Bc8 (61. Bg4 $14 {is superior.}) 61... Bb5 (61... Bb7 $1 $11 62. Bh3 Nc6) 62. Bg4 Nc6 63. Bd2 Ke7 64. f4 gxf4+ ({Black should play} 64... Kf6 $11) 65. Kxf4 Kf6 66. Be1 Kg6 67. Bd7 ({Better is} 67. Be6 $16 Bc4 68. Bd7) 67... Na7 $2 {[%emt 0:00:43][%mdl 8192] White now steadily converts the win.} (67... Nxd4 $11 68. Bxb5 Nxb5) 68. Bxb5 $18 Nxb5 {[%emt 0:01:28] KB-KN} 69. Ke5 Na3 70. Kxd5 {[%emt 0:00:00][%cal Oe1b4] Intending Bb4! and mate.} Kf5 71. Kc5 {[%emt 0:00:00] Threatening mate with Bb4.} Nc2 72. Bd2 {[%emt 0:00:00] White mates.} Na3 73. Bc1 Nb5 74. Kb6 Ke6 75. Kxa6 Nc7+ 76. Kb7 Kd7 77. a6 Nb5 78. a7 Nc7 79. a8=Q Nxa8 80. Kxa8 {[%emt 0:00:17] KB-KP} Kc6 81. Ba3 Kc7 82. d5 Kc8 83. d6 Kd8 84. Kb7 Kd7 85. Kb6 Kc8 86. Kc6 Kd8 87. Kd5 Kd7 88. Kxe4 Ke6 89. Kd4 Kd7 90. Kd5 Kd8 91. e4 Kd7 92. e5 Ke8 93. e6 Kd8 94. Bc5 {[%emt 0:03:34] Weighted Error Value: White=0.19 (very precise) /Black=0.17 (very precise)} 1-0

[Event "1st FIDE Olympiad DIS 2023"]
[Site "Belgrade"]
[Date "2023.01.30"]
[Round "1.29"]
[White "Jimenez Moron, Elias"]
[Black "Shashikant, Kutwal"]
[Result "0-1"]
[ECO "A45"]
[WhiteElo "1967"]
[BlackElo "2182"]
[Annotator "TA"]
[PlyCount "68"]
[EventDate "2023.01.30"]
[EventType "team-tourn"]
[EventCountry "SRB"]
[SourceTitle "playchess.com"]
[Source "ChessBase"]
[SourceQuality "1"]
[WhiteTeam "Panama"]
[BlackTeam "India"]
[WhiteTeamCountry "PAN"]
[BlackTeamCountry "IND"]
[TimeControl "40/5400+30:1800+30"]

1. d4 Nf6 2. c3 g6 3. Bg5 Bg7 4. Bxf6 Bxf6 5. e4 d6 6. f4 {[%emt 0:00:06] [#] A45: Trompowsky Attack.} O-O $146 ({Predecessor:} 6... e5 7. dxe5 dxe5 8. Qxd8+ Kxd8 9. fxe5 Bxe5 10. Nf3 Bg7 11. Bc4 Ke7 12. Nbd2 Nc6 {0-1 Gerasimowisz,S (1854)-Petraitis,G (1947) Vilnius op 2nd 2012 (5)}) 7. Nf3 c5 (7... Bg7 $15) 8. d5 ({Better is} 8. dxc5 $11 dxc5 9. Qxd8 Rxd8 10. Nbd2) 8... e6 9. Bc4 b5 10. Be2 (10. Bxb5 $15 Qb6 11. Qe2) 10... exd5 $17 11. exd5 a6 12. O-O Bb7 (12... Re8 $142 13. Qd2 Nd7) 13. Kh1 (13. a4 $142) 13... Nd7 14. Ng1 Nb6 15. Bf3 Re8 16. a3 Re3 17. Nd2 Qe7 {[%emt 0:04:57] Repels Ne4} ({Weaker is} 17... Nxd5 18. Nb3 Rxf3 19. Qxf3 $15) (17... Bxd5 18. Bxd5 Nxd5 19. Rf3 $17) 18. Rb1 Re8 ({Inferior is} 18... Nxd5 19. Nb3 Rxf3 20. Rxf3) ({And not} 18... Bxd5 19. Rf2) 19. Rc1 Bxd5 20. Bxd5 Nxd5 21. f5 {[%emt 0:02:05] White is weak on the dark squares} Rd3 22. fxg6 hxg6 23. Rf3 Ne3 24. Qe2 c4 25. Nf1 Ng4 26. Qc2 (26. Qxe7 {is a better defense.} Rxe7 27. Rb1) 26... Bh4 $19 {[%emt 0:05:59] Black is clearly winning.} 27. g3 Bg5 28. Rd1 (28. Ra1 $142) 28... Qe4 {[%emt 0:02:23] ...Rxd1 is the strong threat.} 29. Rdxd3 cxd3 30. Qg2 {[%emt 0:00:00] [#]} d2 $1 31. Nxd2 Bxd2 32. Qxd2 Ne5 {[%emt 0:00:19][%mdl 64] Pin} 33. Kg2 Nxf3 34. Nxf3 Qe2+ {[%emt 0:00:24] Weighted Error Value: White=0.57/Black=0.31} 0-1

[Event "1st FIDE Olympiad DIS 2023"]
[Site "Belgrade"]
[Date "2023.01.30"]
[Round "1.30"]
[White "Kishan, Gangolli"]
[Black "Osorio, Jesus Camilo"]
[Result "1-0"]
[ECO "D27"]
[WhiteElo "2059"]
[BlackElo "1859"]
[Annotator "TA"]
[PlyCount "43"]
[EventDate "2023.01.30"]
[EventType "team-tourn"]
[EventCountry "SRB"]
[SourceTitle "playchess.com"]
[Source "ChessBase"]
[SourceQuality "1"]
[WhiteTeam "India"]
[BlackTeam "Panama"]
[WhiteTeamCountry "IND"]
[BlackTeamCountry "PAN"]
[TimeControl "40/5400+30:1800+30"]

1. d4 d5 2. c4 e6 3. Nc3 Nf6 4. Nf3 c6 5. e3 a6 6. Be2 dxc4 7. a4 c5 8. Bxc4 cxd4 9. exd4 Nc6 10. O-O Be7 11. Be3 O-O 12. Qe2 Nd5 {[%emt 0:03:59] D27: Queen's Gambit Accepted: Classical main line: 7 e4!? and 7 a4.} 13. Rac1 b6 14. Rfd1 (14. Ne5 {looks sharper.} Nxc3 15. Rxc3 Nxd4 16. Bxd4 Qxd4 17. Rd1) 14... Bb7 (14... Ncb4 $11) 15. Nxd5 $14 exd5 16. Ba2 Nb4 17. Bb1 a5 18. Ne5 {[%emt 0:01:32] [#]} g6 $146 (18... Bc8 $16 {is a better defense.}) ({Predecessor:} 18... f6 19. Qh5 g6 20. Nxg6 Rf7 21. Nh4 Bf8 22. Rc3 Rc8 23. Bh6 Rxc3 24. bxc3 Nc6 25. Nf5 Bc8 26. Bxf8 Bxf5 27. Bxf5 Kxf8 {1-0 Kiselev,S (2510)-Polgar,Z (2560) Moscow blitz 1993}) 19. Bh6 $18 Re8 $2 {[%emt 0:00:41] [#]} (19... Bd6) 20. Qf3 $1 Bf6 {[%emt 0:05:34] [#]} (20... Rf8 $142 21. Bxf8 Qxf8) 21. Rc7 $3 {[%emt 0:02:46][%mdl 576] Double Attack} Rb8 (21... Qd6 22. Ng4) 22. Rd7 {[%emt 0:02:09] Wards off Qd6.   Weighted Error Value: White=0.05 (flawless) /Black=0.98} 1-0

[Event "1st FIDE Olympiad DIS 2023"]
[Site "Belgrade"]
[Date "2023.01.30"]
[Round "1.32"]
[White "Naveen, Kumar A."]
[Black "Singares, Mario Oscar"]
[Result "1-0"]
[ECO "E11"]
[WhiteElo "2014"]
[BlackElo "1425"]
[Annotator "TA"]
[PlyCount "33"]
[EventDate "2023.01.30"]
[EventType "team-tourn"]
[EventCountry "SRB"]
[SourceTitle "playchess.com"]
[Source "ChessBase"]
[SourceQuality "1"]
[WhiteTeam "India"]
[BlackTeam "Panama"]
[WhiteTeamCountry "IND"]
[BlackTeamCountry "PAN"]
[TimeControl "40/5400+30:1800+30"]

1. d4 Nf6 2. c4 e6 3. Nf3 Bb4+ 4. Bd2 Bxd2+ 5. Nbxd2 b6 6. e4 {[%emt 0:03:23][%cal Be2e4,Be4e5][%mdl 32] E11: Bogo-Indian.} O-O 7. Bd3 (7. e5 $5 Nh5 8. Bd3 $14) 7... Bb7 8. Qc2 {[%emt 0:02:24] [#] Hoping for e5. White is slightly better.} d5 $146 (8... h6 $11) ({Predecessor:} 8... g6 9. O-O d6 10. Rfe1 Nc6 11. e5 dxe5 12. Ne4 Nb4 13. Qc3 Nxd3 14. Nxf6+ Qxf6 15. dxe5 {½-½ Verich,O (1126)-Garcia,J (775) BI-2015-F-0000}) 9. cxd5 $18 exd5 10. e5 Re8 11. O-O {[%emt 0:02:54] White is more active.} Nh5 (11... Ne4 12. Nxe4 dxe4) 12. Bxh7+ Kf8 13. Qf5 {[%emt 0:01:20] Inhibits Nf4.} g6 (13... Nf6 $142 14. exf6 Qxf6 15. Qxf6 gxf6) 14. Bxg6 {[%emt 0:00:18][%csl Gg6][%cal Rf5f7] [#]} Re7 15. Bxh5 Bc8 16. Qh7 f5 17. Qh8# {[%emt 0:00:13] Black got outplayed after the opening.   Weighted Error Value: White=0.06 (flawless) /Black=1.43} 1-0

[Event "1st FIDE Olympiad DIS 2023"]
[Site "Belgrade"]
[Date "2023.01.31"]
[Round "2.1"]
[White "Mikheev, Stanislav"]
[Black "Tazbir, Marcin"]
[Result "1/2-1/2"]
[ECO "A62"]
[WhiteElo "2300"]
[BlackElo "2507"]
[Annotator "TA"]
[PlyCount "132"]
[EventDate "2023.01.30"]
[EventType "team-tourn"]
[EventCountry "SRB"]
[SourceTitle "playchess.com"]
[Source "ChessBase"]
[SourceQuality "1"]
[WhiteTeam "Serbia"]
[BlackTeam "Poland"]
[WhiteTeamCountry "SRB"]
[BlackTeamCountry "POL"]
[TimeControl "40/5400+30:1800+30"]

1. d4 Nf6 2. c4 e6 3. g3 c5 4. d5 exd5 5. cxd5 d6 6. Nc3 g6 7. Bg2 Bg7 8. Nf3 O-O 9. O-O Na6 10. Re1 {[%emt 0:02:43] A62: Modern Benoni: Fianchetto Variation without early ...Nbd7.} Re8 11. e4 {[%emt 0:03:28] 11.h3 is more advanced technology.} Bg4 12. h3 {[%emt 0:02:08] White is slightly better.} Bxf3 13. Bxf3 Nd7 14. Bg2 c4 15. Bf1 Rc8 {[%emt 0:15:10] [#]} 16. Kg2 $146 ({Predecessor:} 16. Be3 Nac5 17. Bxc4 Bxc3 18. bxc3 Nxe4 19. Bf1 Nxc3 20. Qb3 Ne5 21. Rec1 Qf6 22. Qxb7 {1-0 Short,P (2300)-McCarthy,T (2020) IRL-ch Dublin 2008 (1)}) 16... Nac5 17. Bxc4 Bxc3 18. bxc3 Rxe4 19. Rxe4 Nxe4 20. Qd4 Qc7 {[%emt 0:02:57] [#]} (20... Nxc3 $5 21. Bb2 (21. Qxc3 Ne5 $15) 21... Qf6 22. Qxf6 (22. Qxc3 Qxc3 {[%mdl 64] Remove Defender} 23. Bxc3 Rxc4 $17) 22... Nxf6 23. Bxc3 Ne4 $15) 21. Bh6 $1 Nef6 (21... Qxc4 $2 22. Qg7#) 22. Bb5 $40 {[%emt 0:03:08][%mdl 128] aiming for Bxd7. White mounts an attack.} Qc5 23. Bxd7 {[%emt 0:05:36] A strong pair of Bishops.} Qxd4 24. cxd4 Nxd7 $11 {[%emt 0:00:06][%mdl 4096] Endgame KRB-KRN} 25. Re1 Nb6 26. Re7 Rb8 27. Kf3 Nxd5 28. Rd7 Nb6 29. Rxd6 Nc4 (29... f5 $14) 30. Rd7 (30. Rd5 $1 $16) 30... Nb6 31. Re7 {[%emt 0:01:40] Threatens to win with Ke4.} Nd5 32. Rd7 Nb6 33. Rd6 (33. Rc7 $11) 33... Nc4 $16 34. Rd5 Nb6 35. Ra5 a6 36. Ke4 {[%emt 0:04:38] White is more active.} (36. Re5 $16) 36... f5+ 37. Kd3 Rd8 38. Re5 Kf7 {[%emt 0:01:14] Repels Re7+} 39. Bd2 Nd7 40. Ra5 Nf6 41. Bg5 Rd5 42. Rxd5 Nxd5 $11 {[%emt 0:00:00] KB-KN} 43. Kc4 Ke6 44. Kc5 $1 Nc3 45. f3 {[%emt 0:00:00] Inhibits Ne4+.} (45. Kc4 $11 Nd5 46. Kc5) 45... Nxa2 ({Black should try} 45... Na4+ $1 $17 46. Kb4 Nb6) 46. Bd2 $1 {[%emt 0:00:00] [#]} a5 $1 {[%emt 0:00:00][%cal Oa2b4][%mdl 64] ...Nb4! is the strong threat. Deflection} 47. Bxa5 {[%emt 0:00:00] Bd2 would be deadly.} Nc1 {[%emt 0:00:00] White must now prevent ...Nb3+.} 48. d5+ Kd7 49. Bc3 Ne2 50. Be5 h5 (50... Ng1 $15) 51. Kb6 Ng1 52. Kxb7 Nxh3 53. Kb6 Ng5 54. Kc5 (54. f4 Ne4 55. Kb5 Nxg3 $19) 54... Nxf3 55. Bb8 {[%emt 0:00:00] [#]} g5 $1 {[%emt 0:00:00] ( -> ...h4)} 56. Kc4 {[%emt 0:00:00] [#]} f4 $2 57. Kd3 {[%emt 0:00:00] The position is equal.} fxg3 58. Bxg3 h4 59. Ke3 Nd4 60. Kxd4 {[%emt 0:00:49] White threatens Bh2 and mate.} hxg3 {[%emt 0:00:04] KPP-KP} 61. Ke3 g4 62. Ke2 Kd6 (62... g2 $5 63. Kf2 $8 Ke7 $11) 63. Kf1 Kxd5 64. Kg2 Ke4 65. Kxg3 Kf5 66. Kh2 Ke5 {[%emt 0:00:26] Weighted Error Value: White=0.16 (very precise) /Black=0.23 (precise)} (66... Kf4 $5 67. Kg2 $8 Kg5 $11) 1/2-1/2